 Dungeon Crawl Stone Soup version 0.24.0-123-gd5b16e6ec5 (webtiles) character file.

Game seed: 9593445045500282615, levelgen mode: deterministic

471 FishyPogo the Insei (level 7, -5/52 HPs)
             Began as a Gnoll Transmuter on Jan 18, 2020.
             Was an Initiate of Gozag.
             Killed from afar by Blork the orc (7 damage)
             ... with a puff of flame
             ... on level 4 of the Dungeon.
             The game lasted 00:07:11 (2902 turns).

FishyPogo the Insei (Gnoll Transmuter)              Turns: 2902, Time: 00:07:12

Health: -5/52      AC:  2    Str: 15    XL:     7   Next: 9%
Magic:  15/15      EV: 15    Int: 15    God:    Gozag
Gold:   290        SH:  5    Dex: 15    Spells: 13/17 levels left

rFire    . . .     SeeInvis .   c - +1 war axe (vamp)
rCold    . . .     Gourm    .   j - +1 buckler
rNeg     . . .     Faith    .   b - +0 robe
rPois    .         Spirit   .   (no helmet)
rElec    .         Reflect  .   (no cloak)
rCorr    .         Harm     .   (no gloves)
MR       .....                  (no boots)
Stlth    ++........             m - amulet of regeneration
HPRegen  0.57/turn              (no ring)
MPRegen  0.14/turn              (no ring)

@: no status effects
A: distributed training, fangs 1, strong nose
a: Potion Petition, Call Merchant, Bribe Branch, Renounce Religion


You were on level 4 of the Dungeon.
You worshipped Gozag.
Gozag was aware of your devotion.
You were near starving.

You visited 1 branch of the dungeon, and saw 4 of its levels.

You collected 290 gold pieces.

Inventory:

Hand Weapons
 c - a +1 vampiric war axe (weapon)
Missiles
 a - 25 arrows
 h - 75 stones (quivered)
 s - a throwing net
Armour
 b - a +0 robe (worn)
 j - a +1 buckler (worn)
 p - a cursed +0 pair of gloves
Jewellery
 m - an amulet of regeneration (around neck)
Wands
 n - a wand of acid (10)
Scrolls
 e - a scroll of immolation
 f - 4 scrolls of identify
 i - 2 scrolls of fear
 k - a scroll of teleportation
 o - a scroll of remove curse
 u - a scroll of noise
Potions
 l - a potion of lignification
 r - a potion of agility {unknown}
 t - a potion of heal wounds {unknown}
Comestibles
 d - 7 rations


   Skills:
 + Level 3.4 Fighting
 + Level 2.2 Short Blades
 + Level 2.2 Long Blades
 + Level 2.2 Axes
 + Level 2.2 Maces & Flails
 + Level 2.2 Polearms
 + Level 2.2 Staves
 + Level 2.2 Slings
 + Level 2.2 Bows
 + Level 2.2 Crossbows
 + Level 2.2 Throwing
 + Level 2.2 Armour
 + Level 5.1 Dodging
 + Level 2.2 Stealth
 + Level 2.2 Shields
 + Level 6.9 Unarmed Combat
 + Level 5.5 Spellcasting
 + Level 1.8 Conjurations
 + Level 1.8 Hexes
 + Level 1.8 Charms
 + Level 1.8 Summonings
 + Level 1.8 Necromancy
 + Level 1.8 Translocations
 + Level 4.2 Transmutations
 + Level 1.8 Fire Magic
 + Level 1.8 Ice Magic
 + Level 1.8 Air Magic
 + Level 1.8 Earth Magic
 + Level 1.8 Poison Magic
 + Level 2.4 Invocations
 + Level 2.2 Evocations


You had 13 spell levels left.
You knew the following spells:

 Your Spells              Type           Power        Failure   Level  Hunger
u - Spider Form           Tmut/Pois      ##........   17%         3    ###....
y - Beastly Appendage     Tmut           ###...       3%          1    None

Your spell library contained the following spells:

 Spells                   Type           Power        Failure   Level  Hunger
 Sticks to Snakes         Tmut           ###.....     4%          2    #......
 Ice Form                 Ice/Tmut       ##......     50%         4    ####...
 Blade Hands              Tmut           ###.......   67%         5    ######.


Dungeon Overview and Level Annotations

Branches:
Dungeon (4/15)             Temple (0/1) D:4

Altars:
Gozag
Hepliaklqana
Nemelex Xobeh
Xom
Zin

Annotations:
D:4 Blork the orc, Grinder


Innate Abilities, Weirdness & Mutations

Your experience applies equally to all skills.
You have very sharp teeth.
Your uncanny sense of smell can sniff out nearby items.


Message History

It was a potion of curing.
You feel better.
Blork the orc points at you and mumbles some strange words.
The puff of flame hits you!
* * * LOW HITPOINT WARNING * * *
You completely miss Blork the orc.
You bite Blork the orc, but do no damage.
Blork the orc is almost dead.
Blork the orc completely misses you.
Blork the orc hits you with a +0 scimitar of electrocution.
* * * LOW HITPOINT WARNING * * *
You are electrocuted!
* * * LOW HITPOINT WARNING * * *
It was a potion of cancellation.
You feel magically purged. You block Blork the orc's attack.
You closely miss Blork the orc.
Blork the orc is almost dead.
Blork the orc points at you and mumbles some strange words.
The puff of flame hits you!
You die...
Your body crumbles into a pile of gold.

###### ## #..≈.# #<
#.≈.≈###### #.
#.≈.≈#....### #.
##..≈P.......## ##
##...≈.........## .
#o@.............# .
#...............##.
#...............#..
#.................#
#............$...##
##...............##
##...............$
###.......##.#..$
##...[.###.###.


You could see Blork the orc.

Vanquished Creatures
  A sky beast (D:3)
  An ogre (D:3)
  A hound (D:4)
  An orc priest (D:4)
  A bullfrog skeleton (D:3)
  An orc wizard (D:4)
  2 worker ants (D:4)
  3 gnolls (D:4)
  3 adders
  A worm (D:3)
  2 dart slugs (D:1)
  3 leopard geckos
  2 orcs (D:4)
  2 ball pythons
  8 bats
  5 giant cockroaches
  10 goblins
  7 hobgoblins
  4 jackals (D:1)
  5 kobolds
  A quokka (D:2)
  5 frilled lizards
  9 rats
78 creatures vanquished.

Notes
Turn   | Place    | Note
-------+----------+-------------------------------------------
     0 | D:1      | FishyPogo the Gnoll Transmuter began the quest for the Orb.
     0 | D:1      | Reached XP level 1. HP: 17/17 MP: 6/6
    31 | D:1      | Reached XP level 2. HP: 8/23 MP: 5/7
   563 | D:1      | Reached XP level 3. HP: 13/28 MP: 7/9
   565 | D:1      | Reached skill level 5 in Spellcasting
   926 | D:1      | Reached skill level 1 in Invocations
  1260 | D:2      | Found a shimmering altar of Xom.
  1295 | D:2      | Reached skill level 1 in Short Blades
  1295 | D:2      | Reached skill level 1 in Long Blades
  1295 | D:2      | Reached skill level 1 in Axes
  1295 | D:2      | Reached skill level 1 in Maces & Flails
  1295 | D:2      | Reached skill level 1 in Polearms
  1295 | D:2      | Reached skill level 1 in Staves
  1295 | D:2      | Reached skill level 1 in Slings
  1295 | D:2      | Reached skill level 1 in Bows
  1295 | D:2      | Reached skill level 1 in Crossbows
  1295 | D:2      | Reached skill level 1 in Throwing
  1295 | D:2      | Reached skill level 1 in Armour
  1295 | D:2      | Reached skill level 1 in Stealth
  1295 | D:2      | Reached skill level 1 in Shields
  1295 | D:2      | Reached skill level 1 in Evocations
  1295 | D:2      | Reached XP level 4. HP: 32/34 MP: 11/11
  1315 | D:2      | Learned a level 3 spell: Spider Form
  2029 | D:3      | Reached skill level 1 in Conjurations
  2029 | D:3      | Reached skill level 1 in Hexes
  2029 | D:3      | Reached skill level 1 in Charms
  2029 | D:3      | Reached skill level 1 in Summonings
  2029 | D:3      | Reached skill level 1 in Necromancy
  2029 | D:3      | Reached skill level 1 in Translocations
  2029 | D:3      | Reached skill level 1 in Fire Magic
  2029 | D:3      | Reached skill level 1 in Ice Magic
  2029 | D:3      | Reached skill level 1 in Air Magic
  2029 | D:3      | Reached skill level 1 in Earth Magic
  2029 | D:3      | Reached skill level 1 in Poison Magic
  2180 | D:3      | Noticed an ogre
  2188 | D:3      | Killed an ogre
  2188 | D:3      | Reached XP level 5. HP: 41/41 MP: 8/12
  2202 | D:3      | Found a sparkling altar of Nemelex Xobeh.
  2202 | D:3      | Found a hazy altar of Hepliaklqana.
  2207 | D:3      | Found a faded altar of an unknown god.
  2209 | D:3      | Found a faded altar of an unknown god.
  2210 | D:3      | Found a glowing silver altar of Zin.
  2222 | D:3      | Became a worshipper of Gozag Ym Sagoz the Greedy
  2266 | D:3      | Noticed a sky beast
  2288 | D:3      | Killed a sky beast
  2288 | D:3      | Reached XP level 6. HP: 28/47 MP: 6/13
  2541 | D:4      | Noticed Grinder
  2613 | D:4      | Reached skill level 5 in Dodging
  2707 | D:4      | Found a staircase to the Ecumenical Temple.
  2850 | D:4      | Reached XP level 7. HP: 52/52 MP: 15/15
  2880 | D:4      | Noticed Blork the orc
  2900 | D:4      | HP: 1/52 [Blork the orc/+0 scimitar of electrocution (12)]
  2902 | D:4      | Killed from afar by Blork the orc

Levels and vault maps discovered:
D:1:      psy_arrival_conway, layout_basic
D:2:      layout_basic, old_standard_altar, feat_on_display
D:3:      layout_loops_ring, chequers_temple_overflow_minitemple, first_ration
D:4:      layout_rooms, minmay_temple_entry_purple_smoke,
          gup_sewer_entry_bubbles, serial_bayou_pond_e, serial_park_tiny_pond,
          serial_park_tiny_pond, uniq_blork_the_orc, uniq_grinder

Skill      XL: |  1  2  3  4  5  6 |
---------------+-------------------+-----
Spellcasting   | 5 |  5.5
Invocations    | 1 2 |  2.4
Short Blades   | 1 2 |  2.2
Long Blades    | 1 2 |  2.2
Axes           | 1 2 |  2.2
Maces & Flails | 1 2 |  2.2
Polearms       | 1 2 |  2.2
Staves         | 1 2 |  2.2
Slings         | 1 2 |  2.2
Bows           | 1 2 |  2.2
Crossbows      | 1 2 |  2.2
Throwing       | 1 2 |  2.2
Armour         | 1 2 |  2.2
Stealth        | 1 2 |  2.2
Shields        | 1 2 |  2.2
Evocations     | 1 2 |  2.2
Conjurations   | 1 |  1.8
Hexes          | 1 |  1.8
Charms         | 1 |  1.8
Summonings     | 1 |  1.8
Necromancy     | 1 |  1.8
Translocations | 1 |  1.8
Fire Magic     | 1 |  1.8
Ice Magic      | 1 |  1.8
Air Magic      | 1 |  1.8
Earth Magic    | 1 |  1.8
Poison Magic   | 1 |  1.8
Fighting       | 3 |  3.4
Transmutations | 4 |  4.2
Dodging        | 5 |  5.1
Unarmed Combat | |  6.9

Action                   |  1- 3 |  4- 6 |  7- 9 || total
-------------------------+-------+-------+-------++-------
Melee: Unarmed           |    86 |    93 |       ||   179
       Kick              |     6 |     1 |       ||     7
       Headbutt          |     9 |     3 |       ||    12
       Bite              |     5 |    11 |     4 ||    20
       Punch             |       |     3 |       ||     3
       War axe           |       |    34 |    21 ||    55
 Cast: Beastly Appendage |    18 |    14 |       ||    32
       Spider Form       |       |     5 |       ||     5
 Abil: End Transformatio |       |     1 |       ||     1
  Use: Scroll            |       |     9 |       ||     9
       Potion            |       |       |     2 ||     2
 Stab: Sleeping          |       |     2 |     1 ||     3
  Eat: Chunk             |     1 |     4 |       ||     5
Armor: Robe              |    11 |    16 |     2 ||    29
       Skin              |       |     1 |       ||     1
Dodge: Dodged            |    53 |    83 |    15 ||   151
Block: Buckler           |       |    13 |     8 ||    21
